AoeStats
← EL LEON

Arena

508482615Analyzed
2v2 RM · 10d ago on Sep 22, 2026· 54m 0s· 4 players
Game mode
Random Map
Map size
Medium (4 player)
Population
200
Speed
Normal
Resources
Standard
Victory
Conquest
Starting age
Dark Age
Ending age
Imperial Age
RankedLock teamsTeams togetherTeam positionsShared explorationLock speedFull tech treeHidden civsTurbo modeCheats
Victory
Defeat
🇦🇷 Celts · Argentina
1088
+8
🇷🇴 Persians · Romania
1008
+12
🇹🇷 Franks · Türkiye
908
-10
🇹🇷 Spanish · Türkiye
906
-10
A Diet Coke Please
11:28 Feudal Age
12:41 Wheelbarrow
13:45 Loom
16:18 Castle Age
15:42 Double-Bit Axe
16:59 Light Cavalry
19:41 Hand Cart
19:40 Horse Collar
25:42 Elite Skirmisher
30:40 Bow Saw
30:21 Stone Mining
30:22 Gold Mining
34:01 Imperial Age
32:21 Scale Barding Armor
34:05 Chain Barding Armor
34:44 Stone Shaft Mining
34:45 Gold Shaft Mining
34:40 Forging
35:41 Chemistry
34:38 Murder Holes
34:52 Heavy Plow
36:38 Elite War Elephant
39:01 Kamandaran
38:34 Crossbowman
39:54 Thumb Ring
40:38 Iron Casting
44:35 Plate Barding Armor
43:54 Fletching
44:06 Padded Archer Armor
45:08 Blast Furnace
45:55 Bodkin Arrow
46:32 Ballistics
52:24 Two-Man Saw
51:56 Crop Rotation
EL LEON
0:37 Loom
10:26 Feudal Age
14:38 Castle Age
13:40 Horse Collar
15:22 Heavy Plow
20:38 Double-Bit Axe
22:04 Bow Saw
23:27 Wheelbarrow
27:32 Hand Cart
32:38 Imperial Age
31:08 Forging
30:58 Scale Mail Armor
30:27 Pikeman
33:03 Capped Ram
34:35 Scale Mail Armor
36:48 Halberdier
36:58 Crossbowman
38:18 Padded Archer Armor
38:34 Gold Mining
38:34 Stone Mining
39:23 Iron Casting
38:38 Fletching
39:26 Leather Archer Armor
38:40 Cavalier
39:46 Scale Barding Armor
40:26 Gold Shaft Mining
40:27 Stone Shaft Mining
40:42 Conscription
41:07 Bodkin Arrow
42:25 Ring Archer Armor
42:13 Chain Mail Armor
43:45 Paladin
45:32 Chain Barding Armor
45:14 Gambesons
45:15 Arson
45:37 Husbandry
45:48 Town Watch
49:16 Elite Skirmisher
49:37 Onager
THE BRONZE BOMBER
11:49 Feudal Age
16:23 Castle Age
14:46 Double-Bit Axe
15:04 Loom
21:43 Forging
21:33 Scale Mail Armor
21:46 Gold Mining
25:11 Gold Shaft Mining
29:55 Iron Casting
29:36 Chain Mail Armor
31:58 Imperial Age
30:35 Iron Casting
30:54 Chain Mail Armor
32:11 #83
34:34 Conscription
37:14 Elite Throwing Axeman
41:08 Ballistics
40:49 Murder Holes
41:04 Masonry
43:25 Blast Furnace
42:55 Plate Mail Armor
42:33 Scale Barding Armor
45:25 Fletching
45:43 Siege Engineers
46:39 Chemistry
53:37 Pikeman
54:18 Squires
Gurk Han
8:16 Loom
11:17 Feudal Age
17:16 Castle Age
24:24 Double-Bit Axe
25:22 Town Watch
26:31 Horse Collar
29:54 Pikeman
37:35 Imperial Age
35:59 Gold Mining
35:59 Stone Mining
38:12 Wheelbarrow
43:38 Chemistry
42:45 Halberdier
43:26 Squires
44:45 Murder Holes
45:00 Masonry
46:31 Forging
Connection lost

Rejoining the realm…

Still unreachable

The connection could not be restored.

Session expired

The server has moved on; the page needs a fresh start.